 Dungeon Crawl Stone Soup version 0.29.0-4-gdea44cf6ec (webtiles) character file.

Game seed: 6624018110284068458

79 qw the Sneak (level 4, -2/28 HPs)
             Began as a Gargoyle Delver on Sept 10, 2022.
             Slain by a water moccasin (4 damage)
             ... on level 5 of the Dungeon.
             The game lasted 00:00:07 (137 turns).

qw the Sneak (Gargoyle Delver)                       Turns: 137, Time: 00:00:08

Health: -2/28      AC:  6    Str: 18    XL:     4   Next: 37%
Magic:  4/4        EV: 11    Int: 10    God:
Gold:   0          SH:  0    Dex: 11    Spells: 3/3 levels left

rFire   . . .      SeeInvis .   a - +0 hand axe
rCold   . . .      Faith    .   (no shield)
rNeg    + . .      Spirit   .   b - +0 leather armour
rPois   inf        Reflect  .   (no helmet)
rElec   +          Harm     .   (no cloak)
rCorr   .          Rampage  .   (no gloves)
Will    .....                   (no boots)
Stlth   +++.......              (no amulet)
HPRegen 0.09/turn               (no ring)
MPRegen 0.09/turn               (no ring)

@: no status effects
A: sickness immunity, AC +3, negative energy resistance 1, electricity
resistance, torment resistance 1, petrification resistance
a: no special abilities


You were on level 5 of the Dungeon.
You visited 1 branch of the dungeon, and saw 1 of its levels.


Innate Abilities, Weirdness & Mutations

You are immune to sickness and miasma.
Your stone body is resilient. (AC +3)
You are immune to poison.
You resist negative energy. (rN+)
You are resistant to electric shocks. (rElec)
You are resistant to unholy torment.
You are immune to petrification.


   Skills:
 - Level 3.2 Fighting
 + Level 4.1 Axes
 - Level 1.5 Dodging
 - Level 5.4 Stealth


You had 3 spell levels left.
You didn't know any spells.
Your spell library was empty.

Inventory:

Hand Weapons
 a - a +0 hand axe (weapon)
Armour
 b - a +0 leather armour (worn)
Wands
 g - a wand of digging (3)
Scrolls
 c - a scroll of fog
 d - a scroll of magic mapping
 e - a scroll of fear
Potions
 f - a potion of haste

Dungeon Overview and Level Annotations

Branches:
Dungeon (5/15)
 Temple: D:4-7

Altars:


Message History

The adder bites you but does no damage.
You closely miss the water moccasin.
The water moccasin is lightly wounded.
You hit the adder. The water moccasin bites you.
The adder completely misses you.
The water moccasin bites you but does no damage.
You barely miss the adder.
The adder is heavily wounded.
You hit the water moccasin. The adder barely misses you.
The water moccasin barely misses you. The adder bites you but does no damage.
You miss the adder.
The adder is heavily wounded.
You hit the water moccasin but do no damage.
The water moccasin closely misses you. The adder misses you.
The water moccasin bites you.
You miss the adder.
The adder is heavily wounded.
You miss the water moccasin. The adder closely misses you.
The water moccasin barely misses you. The adder bites you.
You slash the adder!
You kill the adder!
You hit the water moccasin. The water moccasin closely misses you.
The water moccasin bites you but does no damage.
You closely miss the water moccasin.
The water moccasin is moderately wounded.
The water moccasin bites you.
You hit the water moccasin.
The water moccasin is moderately wounded.
The water moccasin bites you.
The water moccasin bites you but does no damage.
You miss the water moccasin.
The water moccasin is moderately wounded.
The water moccasin bites you!
You hit the water moccasin.
The water moccasin is heavily wounded.
The water moccasin bites you.
You die...

.... ....... ......
...#.###..... .<....
.........##'## ##......
.............####.......
.................^...#
......%.............#..
.....#..##...#........
.#.#%#%.##...+.>......
#...@.......#........
#..S........#........
........................
........................
.$...............#+####.
..................
#...............#
...............


You could see a water moccasin.

Vanquished Creatures
  2 hounds (D:5)
  2 adders (D:5)
4 creatures vanquished.

Notes
Turn   | Place    | Note
-------+----------+-------------------------------------------
     0 | D:5      | qw the Gargoyle Delver began the quest for the Orb.
     0 | D:5      | Reached XP level 1. HP: 14/14 MP: 1/1
     0 | D:5      | 0 ||| qw: Version: 0.1-a-116-g5d60599
     0 | D:5      | 0 ||| qw: Game counter: 8265
     0 | D:5      | 0 ||| qw: Always use a shield: true
     0 | D:5      | 0 ||| qw: God list: Okawaru
     0 | D:5      | 0 ||| qw: Allow faded altars: false
     0 | D:5      | 0 ||| qw: Do Orc after D:15 true
     0 | D:5      | 0 ||| qw: Do second Lair branch before Depths: true
     0 | D:5      | 0 ||| qw: Lair rune preference: random
     0 | D:5      | 0 ||| qw: Plans: Normal
     0 | D:5      | 0 ||| PLANNING D:1-11
     8 | D:5      | Noticed an orc priest
     9 | D:5      | 9 ||| Stepping ~*~*~tactically~*~*~ (hiding).
    40 | D:5      | Noticed a hound
    41 | D:5      | 41 ||| Stepping ~*~*~tactically~*~*~ (stealth).
    55 | D:5      | Killed a hound
    56 | D:5      | Reached skill level 3 in Axes
    56 | D:5      | Reached XP level 2. HP: 14/19 MP: 2/2
    56 | D:5      | Reached XP level 3. HP: 16/23 MP: 3/3
    58 | D:5      | 58 ||| Stepping ~*~*~tactically~*~*~ (stealth).
    59 | D:5      | 59 ||| Stepping ~*~*~tactically~*~*~ (stealth).
    60 | D:5      | 60 ||| Stepping ~*~*~tactically~*~*~ (stealth).
    73 | D:5      | Reached XP level 4. HP: 22/28 MP: 4/4
    74 | D:5      | 74 ||| Stepping ~*~*~tactically~*~*~ (stealth).
   110 | D:5      | Noticed a water moccasin
   136 | D:5      | HP: 2/28 [water moccasin (7)]
   137 | D:5      | Slain by a water moccasin

Levels and vault maps discovered:
D:5:      layout_basic, mainiacjoe_overflow_chevrons, slow_altar_2,
          serial_shops, shop, uniq_ijyb, uniq_eustachio

Skill      XL: |  1  2  3  4 |
---------------+-------------+-----
Axes           | 3 4 |  4.1
Fighting       | |  3.2
Dodging        | |  1.5
Stealth        | |  5.4

Action                   |  1- 3 |  4- 6 || total
-------------------------+-------+-------++-------
Melee: Hand axe          |    14 |    24 ||    38
Armor: Leather armour    |     6 |    11 ||    17
Dodge: Dodged            |    13 |    23 ||    36

Table legend:
 A = Non-vault XP
 B = Vault XP
 C = Vault XP percentage of total XP
 D = Non-vault monster count
 E = Vault monster count
 F = Vault count percentage of total count
                 A         B        C        D         E       F
            +---------+---------+-------+---------+---------+-------
      Total |     113 |       0 |   0.0 |       4 |       0 |   0.0
            +---------+---------+-------+---------+---------+-------
        D:5 |     113 |       0 |   0.0 |       4 |       0 |   0.0
            +---------+---------+-------+---------+---------+-------
